Map: Thunderbird LE

Players

Takker - Winner!

  • Race: Protoss Protoss
  • League: Silver
  • Spawn Location: 11:00

GringoUA

  • Race: Protoss Protoss
  • Spawn Location: 5:00

VOD

Have the link to the VOD?

Description

Time

  • Played on: May 27, 2019, 2:47 p.m.
  • Length: 11:32
Show
View Real Time Build Order
Export as new Build Order

Takker Protoss - Winner!

Build Orders: 1 Gate Expand 

Get SALT Encoding   

  12  0:00  Probe  
  13  0:08  Probe  
  14  0:16  Probe  
  15  0:28  Pylon  
  15  0:39  Pylon  
  15  0:46  Probe  
  16  0:58  Probe, Gateway  
  17  1:10  Assimilator  
  17  1:12  Probe  
  18  1:20  Assimilator  
  18  1:37  Nexus  
  18  1:45  Pylon  
  18  1:58  Cybernetics Core  
  18  2:08  Zealot, Probe  
  21  2:16  Probe  
  22  2:26  Probe  
  23  2:35  Zealot  
  25  2:38  Probe  
  26  2:49  Probe, Gateway  
  26  2:50  Probe  
  27  2:57  Probe  
  28  3:02  Probe  
  30  3:12  Forge  
  30  3:14  Probe  
  31  3:20  Zealot, Warp Gate  
  31  3:26  Probe  
  34  3:28  Probe  
  35  3:36  Probe  
  35  3:39  Probe  
  37  3:43  Zealot  
  39  3:51  Probe x2  
  41  4:03  Probe  
  41  4:04  Photon Cannon, Probe  
  41  4:09  Stalker  
  45  4:10  Stalker  
  45  4:15  Probe  
  45  4:16  Probe  
  49  4:27  Stargate  
  49  4:29  Stargate  
  49  4:36  Probe  
  50  4:39  Stalker  
  50  4:41  Stalker  
  54  4:52  Pylon  
  54  4:56  Pylon  
  54  5:00  Pylon  
  54  5:03  Pylon  
  54  5:06  Probe  
  54  5:07  Pylon  
  54  5:09  Assimilator, Pylon  
  54  5:11  Assimilator, Probe  
  56  5:15  Probe, Pylon  
  56  5:18  Void Ray  
  56  5:19  Pylon  
  57  5:23  Probe  
  62  5:35  Probe, Void Ray  
  63  5:36  Protoss Ground Weapons Level 1, Probe  
  64  5:44  Probe  
  64  5:47  Probe  
  70  6:03  Stalker x2  
  74  6:13  Void Ray  
  78  6:27  Pylon  
  78  6:32  Pylon  
  78  6:35  Nexus  
  78  6:38  Assimilator  
  78  6:40  Assimilator  
  78  6:52  Robotics Facility  
  78  7:02  Probe  
  78  7:07  Void Ray x2  
  87  7:14  Probe  
  88  7:28  Probe  
  88  7:29  Probe  
  90  7:39  Stalker  
  90  7:40  Stalker  
  90  7:41  Probe x2  
  84  7:53  Probe x2  
  86  8:05  Sentry x2, Probe  
  91  8:25  Gateway  
  91  8:26  Gateway  
  91  8:28  Gateway  
  91  8:30  Probe  
  91  8:31  Pylon  
  91  8:32  Pylon  
  92  8:35  Pylon  
  92  8:38  Probe x2  
  92  8:39  Pylon  
  94  8:42  Immortal, Probe  
  94  8:43  Void Ray x2  
  107  8:50  Probe x2  
  107  8:54  Probe  
  110  9:01  Protoss Ground Armor Level 1  
  110  9:07  Protoss Air Weapons Level 1  
  110  9:13  Probe  
  111  9:21  Immortal  
  115  9:25  Probe  
  116  9:37  Pylon  
  116  9:52  Stalker  
  116  9:53  Stalker  
  116  9:57  Sentry x3  
  126  10:05  Pylon  
  126  10:12  Pylon  
  126  10:15  Warp Prism  
  126  10:20  Stalker  
  126  10:21  Stalker x4  
  138  10:38  Pylon  
  138  10:51  Warp Prism  
  134  11:04  Nexus  
  134  11:07  Assimilator  
  134  11:09  Assimilator  
  124  11:12  Pylon  
  124  11:14  Pylon x2  
  124  11:15  Pylon  
  124  11:17  Pylon  
  124  11:21  Pylon  
  124  11:26  Pylon  
  124  11:31  Pylon  
Show
View Real Time Build Order
Export as new Build Order

GringoUA Protoss 

Build Orders:  

Get SALT Encoding   

  12  0:04  Probe  
  13  0:16  Probe  
  14  0:26  Pylon  
  14  0:28  Probe  
  15  0:37  Assimilator  
  15  0:47  Gateway  
  15  0:54  Probe  
  16  1:02  Probe  
  16  1:10  Probe  
  18  1:18  Forge  
  18  1:20  Probe  
  19  1:32  Zealot, Assimilator, Probe  
  20  1:37  Pylon  
  22  1:54  Cybernetics Core  
  22  1:56  Probe  
  23  2:08  Probe  
  24  2:20  Probe  
  24  2:21  Warp Gate  
  25  2:32  Stalker  
  27  2:39  Gateway  
  27  2:42  Gateway  
  27  2:44  Gateway  
  27  3:12  Photon Cannon  
  27  3:24  Nexus  
  27  3:27  Stalker  
  29  3:34  Assimilator  
  29  3:36  Assimilator  
  29  3:44  Pylon  
  29  3:59  Twilight Council  
  29  4:11  Stargate  
  29  4:14  Stalker  
  31  4:25  Pylon  
  31  4:32  Pylon  
  31  4:38  Probe  
  32  4:44  Probe  
  33  4:49  Probe  
  33  4:52  Probe  
  34  4:57  Probe  
  35  5:00  Probe  
  35  5:02  Stalker  
  35  5:05  Probe  
  39  5:09  Stalker  
  39  5:10  Probe  
  43  5:16  Probe  
  44  5:22  Probe  
  44  5:25  Photon Cannon  
  45  5:31  Oracle, Photon Cannon  
  48  5:39  Probe  
  48  5:41  Probe  
  50  5:49  Probe x2  
  52  5:57  Probe x2  
  52  6:03  Stalker x2  
  58  6:06  Probe  
  58  6:08  Probe  
  60  6:15  Shield Battery  
  60  6:18  Probe  
  61  6:20  Probe  
  62  6:32  Probe  
  63  6:41  Blink  
  63  6:44  Probe  
  64  6:53  Pylon  
  64  6:57  Pylon  
  64  6:58  Protoss Air Weapons Level 1  
  64  7:02  Fleet Beacon  
  64  7:10  Stargate  
  64  7:13  Stargate  
  64  7:15  Stargate  
  64  7:18  Stargate  
  64  7:22  Stargate  
  64  7:25  Stargate  
  64  7:46  Stalker x3  
  64  7:47  Stalker  
  69  8:00  Anion Pulse-Crystals  
  69  8:17  Cybernetics Core  
  69  8:31  Forge  
  69  8:33  Protoss Ground Weapons Level 1  
  69  8:36  Cybernetics Core  
  69  9:00  Tempest x3  
  69  9:02  Nexus  
  84  9:04  Assimilator  
  84  9:06  Protoss Air Armor Level 1  
  84  9:09  Assimilator  
  84  9:18  Stalker  
  86  9:36  Protoss Shields Level 1  
  86  10:03  Pylon  
  86  10:04  Pylon  
  86  10:06  Pylon  
  86  10:08  Pylon  
  86  10:10  Pylon x2  
  86  10:17  Pylon  
  86  10:18  Pylon  
  86  10:26  Tempest x3  
  86  10:27  Tempest  
  106  10:42  Tempest  
  111  10:50  Probe  
  112  11:02  Probe  
  86  11:14  Probe  
Tags
 
League
Silver
Matchup
PvP
Replay Pack
Up to May 28th
Spawn Locations
Cross Positions
Add a new tag
Caveats
  • Supply blocks, unpowered buildings, or Contaminate may cause inaccurate times.
  • Supply counts are checked every 10 seconds.